 Dungeon Crawl Stone Soup version 0.25-a0-942-g87a53962fc (webtiles) character file.

Game seed: 885435082057887705, levelgen mode: deterministic

18426 EnegeticOcto the Fighter (level 12, -20/113 HPs)
             Began as a Minotaur Fighter on May 7, 2020.
             Was an Initiate of Gozag.
             Killed from afar by an ice statue (28 damage)
             ... with a bolt of cold
             ... in an ice cave.
             The game lasted 00:10:58 (15653 turns).

EnegeticOcto the Fighter (Minotaur Fighter)        Turns: 15653, Time: 00:10:59

Health: -20/113    AC: 17    Str: 30    XL:     12   Next: 27%
Magic:  15/15      EV: 15    Int:  5    God:    Gozag
Gold:   929        SH: 12    Dex: 10    Spells: 11/11 levels left

rFire    . . .     SeeInvis .   C - +6 war axe of Trial by Ordeal {vorpal, +Inv Str+4}
rCold    . . .     Gourm    .   c - +0 kite shield
rNeg     . . .     Faith    .   D - +2 chain mail {MR+}
rPois    .         Spirit   .   (helmet restricted)
rElec    .         Reflect  .   f - +0 cloak
rCorr    .         Harm     .   g - +1 pair of gloves
MR       ++...                  (no boots)
Stlth    ..........             (no amulet)
HPRegen  0.28/turn              a - ring of protection from magic
MPRegen  0.14/turn              x - +4 ring of evasion

@: no status effects
A: retaliatory headbutt, horns 2
a: Potion Petition, Call Merchant, Bribe Branch, Renounce Religion, Evoke
Invisibility


You were in an ice cave.
You worshipped Gozag.
Gozag was pleased with you.
You were hungry.

You visited 3 branches of the dungeon, and saw 14 of its levels.
You also visited: Ossuary and Ice Cave.

You collected 3271 gold pieces.
You spent 546 gold pieces at shops.
You paid 1796 gold pieces to Gozag.

Inventory:

Hand Weapons
 C - the +6 war axe of Trial by Ordeal (weapon) {vorpal, +Inv Str+4}
   (You bought it in a shop on level 11 of the Dungeon)

   It inflicts extra damage upon your enemies.
   It affects your strength (+4).
   It lets you turn invisible.
Missiles
 t - 4 throwing nets (quivered)
Armour
 c - a +0 kite shield (worn)
 f - a +0 cloak (worn)
 g - a +1 pair of gloves (worn)
 D - a +2 chain mail of magic resistance (worn)
Jewellery
 a - a ring of protection from magic (left hand)
 v - an uncursed ring of resist corrosion
 x - a +4 ring of evasion (right hand)
 A - an uncursed ring of protection from fire
Wands
 b - a wand of acid (2) {@v1}
 o - a wand of polymorph (14)
 w - a wand of flame (13) {@v3}
 y - a wand of paralysis (4)
Scrolls
 d - 4 scrolls of teleportation {@r2}
 h - 2 scrolls of identify {@r1}
 l - 2 scrolls of remove curse {@r6}
 m - a scroll of magic mapping {@r5}
 q - 2 scrolls of enchant weapon
 r - 2 scrolls of immolation {@r4}
 s - a scroll of enchant armour
Potions
 i - 4 potions of curing {@q1}
 j - 2 potions of stabbing {@q5}
 k - 5 potions of might {@q3}
 n - 3 potions of lignification {@q7}
 p - 2 potions of flight
 u - a potion of ambrosia
 z - a potion of heal wounds {@q2}
Miscellaneous
 B - a lightning rod (4/4)
Comestibles
 e - 13 rations


   Skills:
 * Level 12.7 Fighting
 * Level 12.5 Axes
 + Level 9.6 Armour
 + Level 7.8 Dodging
 + Level 9.3 Shields
 + Level 5.6 Evocations


You had 11 spell levels left.
You didn't know any spells.
Your spell library contained the following spells:

 Spells                   Type           Power        Failure   Level  Hunger
 Ice Form                 Ice/Tmut       #.......     100%        4    #####..
 Metabolic Englaciation   Hex/Ice        #.........   100%        5    ######.
 Freezing Cloud           Conj/Ice/Air   #.........   100%        6    #######
 Ozocubu's Refrigeration  Ice            #.........   100%        6    #######
 Simulacrum               Ice/Necr       #.........   100%        6    #######


Dungeon Overview and Level Annotations

Branches:
Dungeon (11/15)            Temple (1/1) D:5            Lair (0/6) D:11
    Orc (2/2) D:10        Ossuary (visited)           IceCv (1/1)
    Elf: Orc:2

Altars:
Cheibriados
Elyvilon
Gozag
Makhleb
Nemelex Xobeh
Okawaru
Qazlal
Ru
Trog
Vehumet
Wu Jian
Yredelemnul
Zin

Shops:
D:6 }   D:11 (*   Orc:1 :   Orc:2 %

Annotations:
D:6 exclusion: statue IceCv exclusion: 2 ice statues


Innate Abilities, Weirdness & Mutations

You reflexively headbutt those who attack you in melee.
You have a pair of horns on your head.


Message History

You slash the ice statue!
The ice statue is moderately damaged.
You slash the ice beast!
You kill the ice beast!
The white ugly thing gurgles horribly!
The ice statue gestures at the white ugly thing.
You hit the ice statue but do no damage.
The ice statue is moderately damaged.
The white ugly thing gurgles horribly!
You slash the ice statue!
The ice statue is heavily damaged.
The white ugly thing gurgles horribly!
You hit the ice statue.
You headbutt the ice statue, but do no damage.
The ice statue is heavily damaged.
You catch the helpless ice statue completely off-guard!
You hit the ice statue.
The ice statue is heavily damaged.
The white ugly thing gurgles horribly!
The ice statue gestures at you.
The white ugly thing gurgles horribly!
You slash the ice statue! Your headbutt misses the ice statue.
The ice statue is severely damaged.
You hit the ice beast.
The white ugly thing gurgles horribly!
The ice statue gestures at you.
You slice the ice statue!!
You destroy the ice statue!
You closely miss the ice beast.
The white ugly thing gurgles horribly!
The ice beast hits you. The ice beast freezes you.
The ice statue glitters chillingly in the dim dungeon light.
The ice statue gestures at the white ugly thing.
The ice statue becomes distracted by the nearby gold, dreaming of imaginary riches.
The white ugly thing becomes distracted by the nearby gold, dreaming of imaginary riches.
The white ugly thing gurgles horribly!
The ice statue is no longer distracted by gold.
The ice beast hits you but does no damage.
The ice statue gestures at the white ugly thing.
Found five items.
You see here 19 gold pieces.
You catch the helpless white ugly thing completely off-guard!
You slice the white ugly thing!!
The white ugly thing is no longer distracted by gold.
The white ugly thing is heavily wounded.
You slice the ice beast!!
You kill the ice beast!
The ice statue gestures at the white ugly thing. x2
You block the white ugly thing's attack.
You hit the white ugly thing. You headbutt the white ugly thing.
The white ugly thing is heavily wounded.
You strike the helpless white ugly thing from behind!
You slash the white ugly thing! You headbutt the white ugly thing!
The white ugly thing is almost dead.
You flicker for a moment.
The white ugly thing basks in your mutagenic energy and changes!
The ice statue gestures at the brown ugly thing.
The ice statue gestures at you.
You strike the helpless brown ugly thing from behind!
You slash the brown ugly thing!
You kill the brown ugly thing!
The ice statue gestures at something.
You now have 910 gold pieces (gained 5).
You flicker back into view.
You pick up a book of Ice and begin reading...
You add the spells Ice Form, Metabolic Englaciation, Ozocubu's Refrigeration, Freezing Cloud and Simulacrum to your library.
h - 2 scrolls of identify {@r1} (gained 1)
You see here a robe.
You see here a leather armour.
You see here a runed short sword.
You see here a chain mail.
p - 2 potions of flight (gained 1)
You start resting.
You are feeling hungry.
You start resting.
Your magical contamination has completely faded away.
Really walk into a travel-excluded area?
The ice statue gestures at you.
You see here 19 gold pieces.
You now have 929 gold pieces (gained 19).
The ice statue gestures.
The ice statue gestures at you. The freezing blast engulfs you!
You are engulfed in freezing vapours.
The ice statue gestures at you.
The freezing blast engulfs you but does no damage.
You are engulfed in freezing vapours.
The ice statue gestures at you. The shard of ice hits you!!
The ice statue gestures at you. The bolt of cold hits you!
The ice beast hits you. The ice beast freezes you.
* * * LOW HITPOINT WARNING * * *
You are engulfed in freezing vapours.
* * * LOW HITPOINT WARNING * * *
The ice statue gestures.
The ice beast completely misses you. The ice statue gestures at you.
The bolt of cold hits you!!
You die...
Your body crumbles into a pile of gold.

##.......##
#.........#
#.........#
#(.......(#
#(.......(#
#[......).#
#####$#####
#8.......8#
#..Y.@....#
#.°○○°....#
#..Y☼°....#
#..°......#
##.°°☼○..##
##○○...##
###.###
##.....##
##.......##


You could see 2 ice statues and 2 ice beasts.

Vanquished Creatures
  A stone giant (Orc:1)
  An ettin (Orc:2)
  Harold (D:7)
  A death knight (D:11)
  2 two-headed ogres
  A slime creature (D:10)
  2 unseen horrors
  Pikel (D:7)
  2 ugly things (IceCv)
  An ice statue (IceCv)
  A komodo dragon (D:11)
  2 trolls (Orc:2)
  5 hippogriffs
  A spriggan (D:7)
  Eustachio (D:6)
  A wyvern (D:11)
  A vampire (D:9)
  6 yaks (D:9)
  A wraith (D:11)
  2 hungry ghosts
  Edmund (D:6)
  Menkaure (Ossuary)
  A warg (Orc:1)
  A slave (D:7)
  8 ice beasts
  5 orc warriors
  A phantom (D:9)
  11 ogres
  3 centaurs
  3 black bears
  2 big kobolds
  8 bullfrogs
  4 scorpions
  11 wights
  15 killer bees
  3 howler monkeys (D:11)
  4 electric eels (D:11)
  A bullfrog zombie (D:6)
  A crimson imp (D:5)
  A centaur zombie (D:8)
  4 bullfrog skeletons
  A centaur skeleton (D:6)
  12 orc priests
  A gnoll shaman (D:5)
  5 hounds
  A jelly (D:6)
  Crazy Yiuf (D:2)
  2 iguanas
  14 orc wizards
  7 worker ants
  A hound zombie (D:8)
  3 hound skeletons
  3 mummies (Ossuary)
  Robin (D:2)
  5 gnolls (D:5)
  14 adders
  4 shadow imps
  12 white imps (Orc:2)
  2 adder zombies
  2 worms (D:2)
  3 dart slugs (D:1)
  5 leopard geckos
  72 orcs
  A ball python (D:5)
  14 bats
  6 giant cockroaches
  16 goblins
  10 hobgoblins
  24 jackals
  6 quokkas
  6 frilled lizards
  4 gnoll skeletons (Ossuary)
  3 gnoll zombies (Ossuary)
  6 goblin skeletons (Ossuary)
  4 goblin zombies (Ossuary)
  3 hobgoblin skeletons (Ossuary)
  3 hobgoblin zombies (Ossuary)
  38 kobolds
  7 kobold skeletons (Ossuary)
  6 kobold zombies (Ossuary)
  2 orc skeletons (Ossuary)
  5 orc zombies (Ossuary)
  2 quokka skeletons
  A quokka zombie (D:6)
  7 rats
  3 rat skeletons (Ossuary)
  4 rat zombies (Ossuary)
  2 plants (D:11)
477 creatures vanquished.

Vanquished Creatures (others)
  A troll (Orc:2)
  A slave (D:7)
  2 orc wizards (D:7)
  19 plants (D:11)
23 creatures vanquished.

Grand Total: 500 creatures vanquished

Notes
Turn   | Place    | Note
-------+----------+-------------------------------------------
     0 | D:1      | EnegeticOcto the Minotaur Fighter began the quest for the
                  | Orb.
     0 | D:1      | Reached XP level 1. HP: 19/19 MP: 0/0
   179 | D:1      | Reached XP level 2. HP: 27/27 MP: 1/1
   564 | D:1      | Reached XP level 3. HP: 33/33 MP: 2/2
   783 | D:1      | Reached skill level 1 in Dodging
  1002 | D:2      | Reached XP level 4. HP: 41/41 MP: 3/3
  1063 | D:2      | Noticed Robin
  1073 | D:2      | Killed Robin
  1360 | D:2      | Found a runed translucent door.
  1361 | D:2      | Noticed Crazy Yiuf
  1711 | D:2      | Killed Crazy Yiuf
  1767 | D:3      | Reached XP level 5. HP: 47/47 MP: 4/4
  1788 | D:3      | Reached skill level 5 in Fighting
  2909 | D:4      | Noticed an ogre
  2916 | D:4      | Killed an ogre
  2916 | D:4      | Reached XP level 6. HP: 44/56 MP: 5/5
  3162 | D:4      | Found a bloodstained altar of Trog.
  3178 | D:4      | Reached skill level 5 in Axes
  3377 | D:4      | Found a sparkling altar of Nemelex Xobeh.
  3480 | D:5      | Entered Level 5 of the Dungeon
  3516 | D:5      | Reached XP level 7. HP: 62/63 MP: 6/6
  3522 | D:5      | Reached skill level 5 in Armour
  3539 | D:5      | Found an ornate altar of the Wu Jian Council.
  3554 | D:5      | Reached skill level 5 in Shields
  3601 | D:5      | Found a sand-covered staircase.
  3605 | Ossuary  | Entered an ossuary
  3913 | Ossuary  | Noticed Menkaure
  3927 | Ossuary  | Killed Menkaure
  4284 | D:5      | Found a staircase to the Ecumenical Temple.
  4293 | Temple   | Entered the Ecumenical Temple
  4309 | Temple   | Became a worshipper of Gozag Ym Sagoz the Greedy
  4775 | D:5      | Reached XP level 8. HP: 61/73 MP: 7/7
  5546 | D:6      | Noticed Edmund
  5557 | D:6      | Killed Edmund
  5646 | D:6      | Reached skill level 1 in Evocations
  5697 | D:6      | Found a sacrificial altar of Ru.
  5922 | D:6      | Found a burning altar of Makhleb.
  6047 | D:6      | Found a radiant altar of Vehumet.
  6132 | D:6      | Found Liqoum's Gadget Emporium.
  6182 | D:6      | Noticed Eustachio
  6202 | D:6      | Killed Eustachio
  6263 | D:6      | Reached XP level 9. HP: 81/82 MP: 9/9
  7342 | D:7      | Found a glowing silver altar of Zin.
  7380 | D:7      | Noticed Harold
  7381 | D:7      | Noticed Pikel
  7382 | D:7      | Found a basalt altar of Yredelemnul.
  7414 | D:7      | Killed Harold
  7414 | D:7      | Reached skill level 5 in Dodging
  7433 | D:7      | Killed Pikel
  7433 | D:7      | Reached XP level 10. HP: 42/93 MP: 11/11
  8108 | D:8      | Reached skill level 10 in Fighting
  8179 | D:8      | Noticed a two-headed ogre
  8190 | D:8      | Killed a two-headed ogre
  8499 | D:8      | Found an opulent altar of Gozag.
  8667 | D:8      | Found a stormy altar of Qazlal.
  8707 | D:8      | Reached skill level 10 in Axes
  9209 | D:9      | Noticed a rust devil
  9212 | D:9      | Noticed a hell beast
  9213 | D:9      | Found a basalt altar of Yredelemnul.
  9345 | D:9      | Noticed a two-headed ogre
  9356 | D:9      | Killed a two-headed ogre
 10076 | D:9      | Found a snail-covered altar of Cheibriados.
 10200 | D:9      | Found a bloodstained altar of Trog.
 10219 | D:9      | Reached XP level 11. HP: 45/102 MP: 13/13
 10573 | D:9      | Found a white marble altar of Elyvilon.
 10630 | D:10     | Entered Level 10 of the Dungeon
 10715 | D:10     | Killed an unseen horror
 10917 | D:10     | Found an opulent altar of Gozag.
 11128 | D:10     | Found a staircase to the Orcish Mines.
 12170 | D:11     | Found a staircase to the Lair.
 12206 | D:11     | Killed an unseen horror
 12450 | D:11     | Noticed a death knight
 12748 | D:11     | Killed a death knight
 12748 | D:11     | Reached skill level 5 in Evocations
 14220 | D:11     | Bought a warped war axe for 246 gold pieces
 14220 | D:11     | Identified the +6 war axe of Trial by Ordeal {vorpal, +Inv
                  | Str+4} (You bought it in a shop on level 11 of the Dungeon)
 14224 | D:11     | Bought an uncursed ring of protection from magic for 300
                  | gold pieces
 14266 | Orc:1    | Entered Level 1 of the Orcish Mines
 14617 | Orc:1    | Noticed a stone giant
 14638 | Orc:1    | Killed a stone giant
 14965 | Orc:1    | Found an iron altar of Okawaru.
 14985 | Orc:1    | Found Nowuig's Book Boutique.
 15042 | Orc:2    | Entered Level 2 of the Orcish Mines
 15042 | Orc:2    | Noticed an ettin
 15052 | Orc:2    | Killed an ettin
 15052 | Orc:2    | Reached XP level 12. HP: 77/113 MP: 12/15
 15063 | Orc:2    | Found Gipp's Food Boutique.
 15066 | Orc:2    | Found a frozen archway.
 15353 | IceCv    | Entered an ice cave
 15653 | IceCv    | Killed from afar by an ice statue

Levels and vault maps discovered:
D:1:      dpeg_arrival_refuge, layout_basic, minmay_misc_feat_roman
D:2:      layout_basic, first_ration, uniq_robin, uniq_crazy_yiuf_cottage
D:3:      layout_basic
D:4:      minmay_door_path, layout_basic, nemelex_xobeh_ov_fountains_minmay,
          kennysheep_big_empty_room, trog_hazing_becter
D:5:      layout_loops_cross, overflow_temple_1_default,
          minmay_temple_entry_poolview, enter_ossuary_5, minivault_19
D:6:      layout_loops_ring, kennysheep_mini_moat, vehumet_statue, serial_shops,
          nicolae_shop_trees, nicolae_ru_sacrificial_ziggurat, uniq_edmund,
          uniq_menkaure, uniq_eustachio
D:7:      layout_basic, overflow_temple_1_default, zin_academy, the_bakery,
          uniq_pikel, uniq_harold
D:8:      kennysheep_kobold_camp, layout_rooms, nicolae_overflow_hidden_temple,
          kennysheep_flooded_box
D:9:      kennysheep_spiral_hall, layout_gridville, old_standard_altar,
          lemuel_doored_altar, elyvilon_altar_5, lemuel_hellish_altar
D:10:     layout_loops_ring, hiddenorc2_lemuel, basic_altar
D:11:     layout_loops_ring, david_lair_shrubbed, serial_bayou,
          serial_bayou_crossing, serial_bayou_pond_c, serial_bayou_ford_a,
          serial_bayou_shore_b
Temple:   minmay_temple_curvy_loop
Orc:1:    layout_caves, serial_shops, nicolae_shop_waterfront,
          okawaru_metal_pillars_3
Orc:2:    st_orc_congregation, layout_diamond_mine, portal_ice_cave_entry_imps,
          serial_shops, shop, uniq_josephine, uniq_donald
IceCv:    ice_cave_statue_garden_chambered

Skill      XL: |  1  2  3  4  5  6  7  8  9 10 11 |
---------------+----------------------------------+-----
Fighting       | 4 5 6 7 8 9 11 12 | 12.7
Axes           | 3 4 5 6 7 9 10 12 | 12.5
Dodging        | 1 2 3 4 5 6 7 |  7.8
Armour         | 4 5 6 7 8 9 |  9.6
Shields        | 4 5 6 7 8 9 |  9.3
Evocations     | 1 3 4 5 |  5.6

Action                   |  1- 3 |  4- 6 |  7- 9 | 10-12 || total
-------------------------+-------+-------+-------+-------++-------
Melee: War axe           |    96 |   219 |   345 |   552 ||  1212
       Headbutt          |     9 |    39 |    64 |   119 ||   231
Invok: Call Merchant     |       |       |       |     2 ||     2
 Abil: Evoke Invisibilit |       |       |       |     4 ||     4
Evoke: Wand              |       |       |     1 |    19 ||    20
  Use: Scroll            |       |     4 |     9 |     6 ||    19
       Potion            |       |       |     1 |     2 ||     3
 Stab: Paralysed         |       |       |     5 |     3 ||     8
       Distracted        |       |       |     1 |     1 ||     2
       Invisible         |       |       |       |     9 ||     9
  Eat: Chunk             |       |     9 |     1 |     1 ||    11
       Ration            |       |       |     4 |     8 ||    12
Armor: Scale mail        |    64 |    91 |    52 |       ||   207
       Chain mail        |       |       |    40 |   207 ||   247
Dodge: Dodged            |    31 |    76 |    93 |   251 ||   451
Block: Kite shield       |    56 |   121 |   143 |   280 ||   600

Table legend:
 A = Non-vault XP
 B = Vault XP
 C = Vault XP percentage of total XP
 D = Non-vault monster count
 E = Vault monster count
 F = Vault count percentage of total count
                 A         B        C        D         E       F
            +---------+---------+-------+---------+---------+-------
      Total |   19682 |    6642 |  25.2 |     321 |     147 |  31.4
            +---------+---------+-------+---------+---------+-------
        D:1 |      62 |       0 |   0.0 |      35 |       0 |   0.0
        D:2 |      57 |      76 |  57.1 |      16 |      13 |  44.8
        D:3 |      84 |       0 |   0.0 |      31 |       0 |   0.0
        D:4 |     331 |      25 |   7.0 |      26 |       7 |  21.2
        D:5 |     767 |       0 |   0.0 |      25 |       0 |   0.0
        D:6 |     922 |     377 |  29.0 |      23 |       2 |   8.0
        D:7 |    1254 |    1870 |  59.9 |      24 |       3 |  11.1
        D:8 |    1860 |      27 |   1.4 |      20 |      18 |  47.4
        D:9 |    2396 |     952 |  28.4 |      28 |       3 |   9.7
       D:10 |    3194 |     303 |   8.7 |      30 |      32 |  51.6
       D:11 |    4397 |     333 |   7.0 |      47 |       1 |   2.1
      Orc:1 |    2145 |       0 |   0.0 |      11 |       0 |   0.0
      Orc:2 |    2213 |     124 |   5.3 |       5 |      12 |  70.6
    Ossuary |       0 |     264 | 100.0 |       0 |      47 | 100.0
      IceCv |       0 |    2291 | 100.0 |       0 |       9 | 100.0
            +---------+---------+-------+---------+---------+-------
